 Dungeon Crawl Stone Soup version 0.31-a0-846-gb3bcc0d938 (webtiles) character file.

Game seed: 13363835787169060139

22257 ytrimaz the Mimic (level 12, -10/88 HPs)
             Began as a Demonspawn Shapeshifter on Oct 3, 2023.
             Was an Elder of Okawaru.
             Mangled by a very large slime creature (27 damage)
             ... summoned by an orange crystal statue
             ... on level 13 of the Dungeon.
             The game lasted 00:27:16 (14374 turns).

ytrimaz the Mimic (Demonspawn Shapeshifter)        Turns: 14374, Time: 00:27:16

Health: -10/88     AC: 18    Str: 16    XL:     12   Next: 61%
Magic:  12/17      EV: 20    Int: 11    God:    Okawaru [****..]
Gold:   339        SH:  0    Dex: 17    Spells: 11/11 levels left

rFire   . .          .
                       - Unarmed
rCold   . . .        (shield currently unavailable)
rNeg    . . .        n - +3 troll leather armour
rPois   .            (helmet restricted)
rElec   .            (no cloak)
rCorr   .            (no gloves)
SInv    .            (no boots)
Will    .....        E - amulet of magic regeneration
Stlth   +            (no ring)
HPRegen 1.14/turn    (no ring)
MPRegen 0.55/turn

%: no passive effects
@: flux-form, heroic, finesse-ful, sanguine armoured, glowing
A: glow, contaminating, horns 2, spiny 1, sanguine armour 3
a: Begin Untransformation, Renounce Religion, Heroism, Finesse


You were on level 13 of the Dungeon.
You worshipped Okawaru.
Okawaru was greatly pleased with you.
You were something dangerously unstable.
You visited 2 branches of the dungeon, and saw 14 of its levels.
You also visited: Ossuary.

You collected 637 gold pieces.
You spent 298 gold pieces at shops.


Innate Abilities, Weirdness & Mutations

You are something dangerously unstable.
You glow with magical radiation, making you easy to see and hit.
Foes you strike become dangerously contaminated with magical radiation.
You are incapable of wielding weapons or throwing items.
You have a pair of horns on your head.
You are partially covered in sharp spines.
When seriously injured, your blood forms very thick armour. (AC +12)


   Skills:
 + Level 6.1(11.1) Fighting
 + Level 8.9(13.9) Dodging
 - Level 10.1(15.1) Unarmed Combat
 - Level 7.0 Invocations
 + Level 12.1 Shapeshifting


You had 11 spell levels left.
You didn't know any spells.
Your spell library contained the following spells:

 Spells                   Type           Power      Damage    Failure   Level
 Apportation              Tloc           0%         N/A       38%         1
 Jinxbite                 Hex            0%         N/A       54%         2
 Sublimation of Blood     Necr           0%         N/A       54%         2
 Petrify                  Tmut/Erth      0%         N/A       99%         4
 Alistair's Intoxication  Tmut/Pois      0%         N/A       100%        5
 Irradiate                Conj/Tmut      0%         3d11      100%        5
 Ozocubu's Refrigeration  Ice            0%         4d7       100%        7
 Polar Vortex             Ice            0%         N/A       100%        9
 Simulacrum               Ice/Necr       Unusable   N/A       N/A         6

Inventory:

Armour
 n - a +3 troll leather armour (worn)
   (You found it on level 11 of the Dungeon)
 D - +0 steam dragon scales
   (You found it on level 9 of the Dungeon)
Jewellery
 m - a ring of ice
   (You took it off Fannar on level 11 of the Dungeon)
 t - an amulet of faith
   (You found it on level 5 of the Dungeon)
 E - an amulet of magic regeneration (around neck)
   (You took it off a wight on level 9 of the Dungeon)
Talismans
 c - a beast talisman
 d - a flux talisman (active)
Wands
 a - a wand of polymorph (8)
   (You found it on level 11 of the Dungeon)
 f - a wand of charming (4)
   (You found it on level 5 of the Dungeon)
 y - a wand of iceblast (6)
   (You found it on level 8 of the Dungeon)
 A - a wand of flame (19)
   (You found it on level 7 of the Dungeon)
 B - a wand of quicksilver (6)
   (You found it on level 9 of the Dungeon)
Scrolls
 e - 2 scrolls of amnesia
 g - 4 scrolls of butterflies
 k - 2 scrolls of immolation
 l - a scroll of revelation
 o - a scroll of poison {unknown}
 q - a scroll of brand weapon
 s - 3 scrolls of vulnerability
 u - 4 scrolls of noise
 z - a scroll of torment
 C - a scroll of enchant weapon
Potions
 b - 2 potions of lignification
 h - a potion of magic {unknown}
 i - 5 potions of attraction
 j - a potion of mutation
 p - a potion of curing
 x - a potion of invisibility {unknown}
 G - a potion of might {unknown}

Dungeon Overview and Level Annotations

Branches:
Dungeon (13/15) Zot: 26909  Temple (1/1) D:7 Zot: 5934    Lair (0/5) D:11
    Orc (0/2) D:12        Ossuary (visited)
 Vaults: D:13-14

Altars:
Ashenzari
Cheibriados
Dithmenos
Fedhas
Gozag
Hepliaklqana
Kikubaaqudgha
Makhleb
Nemelex Xobeh
Okawaru
Qazlal
Ru
Sif Muna
Trog
Uskayaw
Vehumet
Wu Jian
Xom
Yredelemnul

Shops:
D:4 !   D:5 *:   D:7 [   D:10 [   D:11 [   D:12 [

Portals:
Trove: D:10 (give +6 demon trident)

Annotations:
D:5 2 transporters, Barthur98's ghost, weakling TrDe
D:9 3 runed translucent doors, HHeCNeOSiFe's ghost, journeyman VSBe
D:13 exclusion: orange crystal statue

#.# ########.#
.........#
.........#
.........#
.........#
.........#
.........#
......JJp#
......)Jg#
.......g.#
>.TN..g..#
.........#
gg.......#
.........#
.........######
..............#


You could see a salamander, a very large slime creature (summoned), 2 slime
creatures, a troll and 4 gnolls.


Message History

The gnoll is struck by your spines. The gnoll hits you with a +0 club!
The slime creature quivers. 😕 HP[-6]
You take 6 damage, and now have 70/88 hp.
Unknown command.
You closely miss the gnoll. You headbutt the gnoll.
The gnoll hits you from afar with a +4 spear.
The deep elf pyromancer gestures at you while chanting.
The sticky flame misses you. The gnoll misses you. 😕 HP[-2]
You take 2 damage, and now have 68/88 hp.
You barely miss the gnoll.
The gnoll hits you from afar with a +4 spear.
A gnoll comes into view. It is wielding a +0 halberd.
The gnoll is struck by your spines.
You kill the gnoll!
Okawaru accepts your kill.
Unknown command. 😮 HP[-3]
You take 3 damage, and now have 65/88 hp.
You are too injured to fight recklessly!
Unknown command.
The deep elf pyromancer stops glowing.
The gnoll attacks as it pursues you!
The gnoll hits you from afar with a +4 spear.
The deep elf pyromancer points at you and mumbles some strange words.
The bolt of fire hits the fire elemental.
The fire elemental completely resists.
The bolt of fire hits you!!
* * * LOW HITPOINT WARNING * * *
Your blood congeals into armour.
You hear a shout! 😨 HP[-27]
You take 27 damage, and now have 38/88 hp.
MASSIVE DAMAGE!! (PAUSE) Unknown command.
Okay, then.
Okay, then.
Okay, then.
Aiming: Duel (41% risk of failure)
Press: ? - help, Dir - move target, f - deep elf pyromancer
Aim: a deep elf pyromancer, wielding a +0 short sword and wearing a +0 chain mail (moderately wounded, summoned)
You cannot duel that!
Aiming: Duel (41% risk of failure)
Press: ? - help, Dir - move target, f - gnoll, p - deep elf pyromancer
Aim: a gnoll, wielding a +0 halberd The gnoll is not worthy to be dueled!
Aiming: Duel (41% risk of failure)
Press: ? - help, Dir - move target, p - gnoll
Okay, then.
Unknown command.
Okay, then.
You gain the combat prowess of a mighty hero.
The gnoll shouts!
The fire elemental completely misses you.
A salamander comes into view.
The slime creature is engulfed in blazing flames.
The gnoll hits you but does no damage.
A troll comes into view.
The slime creature is engulfed in blazing flames. 😨 HP[+1] MP[-2]
You lost 2 mp, and now have 15/17 mp.
You can now deal lightning-fast blows.
You can no longer enter into single combat with a foe.
Okawaru will no longer gift you throwing weapons.
The troll shouts!
The fire elemental barely misses you.
The slime creature is struck by your spines.
The slime creature hits you!
* * * LOW HITPOINT WARNING * * *
The gnoll closely misses you.
The deep elf pyromancer barely misses you.
A gnoll comes into view. It is wielding a +0 spear.
The fire elemental is struck by your spines.
The fire elemental hits you. The fire elemental burns you!
* * * LOW HITPOINT WARNING * * *
😨 HP[-13] MP[-4]
You take 13 damage, and now have 26/88 hp.
You lost 4 mp, and now have 11/17 mp.
Unknown command.
You punch the deep elf pyromancer!
The deep elf pyromancer begins to glow.
Unknown command.
You punch the deep elf pyromancer!
The deep elf pyromancer glows dangerously bright.
Your headbutt misses the deep elf pyromancer.
The gnoll hits you but does no damage. The slime creature hits you!
* * * LOW HITPOINT WARNING * * *
Two slime creatures merge to form a large slime creature. 😱 HP[-11]
You take 11 damage, and now have 15/88 hp.
Unknown command.
You punch the deep elf pyromancer!
The deep elf pyromancer shudders as magic cascades through it!!
You kill the deep elf pyromancer!
The deep elf pyromancer's corpse dissolves into shadows!
The fire elemental disappears in a puff of smoke!
A gnoll sergeant comes into view. It is wielding a +0 spear.
Two slime creatures merge to form a very large slime creature. 😱 MP[+1]
The very large slime creature is struck by your spines.
The very large slime creature hits you!!
You die...

Skill      XL: |  1  2  3  4  5  6  7  8  9 10 11 12 |
---------------+-------------------------------------+-----
Unarmed Combat | 3 4 5 6 8 9 10 | 10.1
Shapeshifting  | 3 4 5 6 7 9 10 11 12 | 12.1
Dodging        | 4 7 8 |  8.9
Invocations    | 6 7 |  7.0
Fighting       | 3 6 |  6.1

Action                     |  1- 3 |  4- 6 |  7- 9 | 10-12 || total
---------------------------+-------+-------+-------+-------++-------
  Melee: Unarmed           |    77 |    84 |   267 |   398 ||   826
         Headbutt          |     8 |    23 |    50 |   109 ||   190
         Punch             |     1 |     2 |    12 |     3 ||    18
 Invoke: Heroism           |       |       |     2 |    12 ||    14
         Finesse           |       |       |       |     5 ||     5
  Evoke: Wand              |       |       |    13 |    14 ||    27
    Use: Scroll            |       |     5 |     9 |    13 ||    27
         Potion            |       |       |     9 |    10 ||    19
   Stab: Sleeping          |     3 |     4 |       |       ||     7
         Betrayed ally     |       |       |     1 |       ||     1
 Armour: Animal skin       |    37 |    51 |   127 |    11 ||   226
         Skin              |       |       |    75 |   113 ||   188
         Steam dragon scal |       |       |       |   131 ||   131
         Troll leather arm |       |       |       |   130 ||   130
  Dodge: Dodged            |    45 |    45 |   148 |   303 ||   541
   Form: Flux              |       |       |     1 |       ||     1

Levels and vault maps discovered:
D:1:      dpeg_arrival_brainrot, layout_rooms, dreamdust_ecumenical_altar_grove,
          minmay_domino_2
D:2:      layout_loops_corners, grunt_ministairs_12
D:3:      layout_rooms
D:4:      layout_gridville, good_gods_temple_1, serial_shops,
          nicolae_shop_tiny_waterfront
D:5:      layout_cave_pools, mainiacjoe_overflow_alcove_1,
          gammafunk_ghost_arena, nicolae_shop_i_like_big_books,
          nicolae_stop_n_shop_1
D:6:      wad_lake_hut, layout_basic, nemelex_diamond_rough_becter,
          nicolae_ossuary_entry_ruins
D:7:      layout_rooms, minmay_temple_entry_sparse_star,
          nicolae_shop_dragon_depot, st_stairs_3, uniq_duvessa
D:8:      layout_rooms, uniq_psyche, uniq_prince_ribbit1
D:9:      layout_irregular_city, kennysheep_mini_moat,
          biasface_ghost_orc_armoury, minmay_splitting_lines
D:10:     minmay_sliced_demisemicircle, layout_loops_corners, serial_shops,
          nicolae_shop_real_fake_doors, enter_trove_3
D:11:     layout_irregular_city, david_lair_generic, serial_shops, shop,
          uniq_fannar
D:12:     layout_stronghold, orc_david_3, uniq_snorg
D:13:     layout_long_grid, hangedman_vaults_entry_quadrant_bands,
          chequers_jeans, minivault_16, nicolae_figureground_pulse
Temple:   lightli_temple_of_artemis

Notes
Turn   | Place    | Note
-------+----------+-------------------------------------------
     0 | D:1      | ytrimaz the Demonspawn Shapeshifter began the quest for the
                  | Orb.
     0 | D:1      | Reached XP level 1. HP: 15/15 MP: 1/1
     0 | D:1      | magus.rc [v1.9.6]
   162 | D:1      | Found a faded altar of an unknown god.
   215 | D:1      | Gained mutation: You have a pair of small horns on your
                  | head. [demonic ancestry]
   215 | D:1      | Reached XP level 2. HP: 7/21 MP: 2/2
   288 | D:1      | Reached skill level 3 in Unarmed Combat
   319 | D:1      | Reached skill level 3 in Shapeshifting
   698 | D:2      | Identified the +1 leather armour of the Farrier {+Inv rPois
                  | Dex-3}
   750 | D:2      | Gained mutation: You are partially covered in sharp spines.
                  | [demonic ancestry]
   750 | D:2      | Reached XP level 3. HP: 24/26 MP: 3/3
  1681 | D:3      | Gained mutation: When seriously injured, your blood forms
                  | armour. (AC +12) [demonic ancestry]
  1681 | D:3      | Reached XP level 4. HP: 32/32 MP: 4/4
  2062 | D:4      | Noticed a black bear
  2070 | D:4      | Reached skill level 4 in Unarmed Combat
  2072 | D:4      | Killed a black bear
  2073 | D:4      | Reached skill level 4 in Shapeshifting
  2073 | D:4      | Reached XP level 5. HP: 23/37 MP: 5/5
  2333 | D:4      | Found Ysyt's Distillery.
  2342 | D:4      | Bought a potion of heal wounds for 70 gold pieces
  3045 | D:5      | Entered Level 5 of the Dungeon
  3058 | D:5      | Found a transporter.
  3062 | D:5      | Found a transporter.
  3062 | D:5      | Noticed Barthur98's ghost (weakling TrDe)
  3063 | D:5      | Noticed a centaur
  3085 | D:5      | Noticed an ogre
  3110 | D:5      | Killed an ogre
  3111 | D:5      | Gained mutation: When seriously injured, your blood forms
                  | thick armour. (AC +12) [demonic ancestry]
  3111 | D:5      | Reached XP level 6. HP: 43/43 MP: 6/6
  3225 | D:5      | You pick up a book of Ice and begin reading...
  3225 | D:5      | You add the spells Simulacrum, Ozocubu's Refrigeration and
                  | Polar Vortex to your library.
  3260 | D:5      | Reached skill level 5 in Unarmed Combat
  3262 | D:5      | Found Godix's Assorted Antiques.
  3339 | D:5      | HP: 8/43 [something/puff of flame (9)]
  3391 | D:5      | Reached skill level 5 in Shapeshifting
  3558 | D:5      | Found Ocuhiz's Tremendous Tomes.
  3652 | D:5      | Found a snail-covered altar of Cheibriados.
  3778 | D:5      | Reached XP level 7. HP: 46/48 MP: 7/7
  3908 | D:6      | Found a sand-covered staircase.
  3917 | Ossuary  | Entered an ossuary
  4036 | Ossuary  | Reached skill level 6 in Unarmed Combat
  4381 | D:6      | HP: 10/48 [electric eel/bolt of electricity (11)]
  4389 | D:6      | Reached skill level 6 in Shapeshifting
  4680 | D:6      | Found a sparkling altar of Nemelex Xobeh.
  4703 | D:6      | Gained mutation: You have a pair of horns on your head.
                  | [demonic ancestry]
  4703 | D:6      | Reached XP level 8. HP: 44/54 MP: 8/8
  5562 | D:7      | Reached skill level 7 in Unarmed Combat
  5608 | D:7      | Noticed Dowan
  5610 | D:7      | Noticed Duvessa
  5616 | D:7      | Killed Dowan
  5628 | D:7      | Killed Duvessa
  5728 | D:7      | Found a staircase to the Ecumenical Temple.
  5739 | Temple   | Entered the Ecumenical Temple
  5784 | Temple   | Became a worshipper of Warmaster Okawaru
  6125 | D:7      | Reached skill level 7 in Shapeshifting
  6383 | D:7      | Reached skill level 8 in Unarmed Combat
  6450 | D:7      | Found Bayajidda's Dragon-Slaying Spoils.
  6540 | D:8      | HP: 10/54 [wyvern (14)]
  6548 | D:8      | Reached * piety under Okawaru
  6549 | D:8      | Reached XP level 9. HP: 31/59 MP: 9/9
  6882 | D:8      | Noticed Psyche
  6894 | D:8      | Killed Psyche
  6905 | D:8      | HP: 14/88 [wyvern (9)]
  6910 | D:8      | HP: 12/88 [howler monkey (3)]
  6916 | D:8      | Reached skill level 8 in Shapeshifting
  7170 | D:8      | Noticed Prince Ribbit
  7172 | D:8      | Killed Prince Ribbit
  7176 | D:8      | You pick up a book of Alchemy and begin reading...
  7176 | D:8      | You add the spells Sublimation of Blood, Petrify and
                  | Irradiate to your library.
  7375 | D:8      | Reached ** piety under Okawaru
  7376 | D:8      | Reached skill level 9 in Unarmed Combat
  7959 | D:9      | Found a runed translucent gate.
  7963 | D:9      | Found a runed translucent gate.
  7964 | D:9      | Found a runed translucent gate.
  7978 | D:9      | Noticed HHeCNeOSiFe's ghost (journeyman VSBe)
  7987 | D:9      | Noticed a two-headed ogre
  7997 | D:9      | Killed a two-headed ogre
  7998 | D:9      | Reached skill level 9 in Shapeshifting
  7998 | D:9      | Reached XP level 10. HP: 23/65 MP: 7/10
  8445 | D:9      | Identified the +0 ring mail "Acrowin" {Harm Int+3 Dex+3}
  8487 | D:9      | Found a hazy altar of Hepliaklqana.
  8758 | D:9      | Reached skill level 10 in Unarmed Combat
  8996 | D:10     | Entered Level 10 of the Dungeon
  9164 | D:10     | Reached skill level 2 in Dodging
  9164 | D:10     | Reached skill level 1 in Invocations
  9252 | D:10     | Found Arutar's Armour Emporium.
  9336 | D:10     | Reached *** piety under Okawaru
  9511 | D:10     | magus.rc [v1.9.6]
  9606 | D:10     | Reached skill level 2 in Invocations
  9698 | D:10     | Reached skill level 3 in Dodging
  9698 | D:10     | Reached skill level 3 in Invocations
 10105 | D:10     | Reached skill level 4 in Invocations
 10170 | D:10     | Found a portal to a secret trove of treasure.
 10257 | D:10     | Noticed a green ugly thing
 10257 | D:10     | Noticed a centaur warrior
 10266 | D:10     | Killed a green ugly thing
 10277 | D:10     | Killed a centaur warrior
 10277 | D:10     | Reached **** piety under Okawaru
 10278 | D:10     | Reached skill level 4 in Dodging
 10278 | D:10     | Reached skill level 5 in Invocations
 10278 | D:10     | Reached skill level 10 in Shapeshifting
 10430 | D:10     | Noticed a boulder beetle
 10430 | D:10     | Noticed a tengu warrior
 10430 | D:10     | Noticed a boulder beetle
 10441 | D:10     | HP: 14/65 [tengu warrior/+3 war axe (14)]
 10663 | D:10     | HP: 12/65 [tengu warrior/+3 war axe (5)]
 10664 | D:10     | Killed a tengu warrior
 10926 | D:10     | Noticed an ogre mage
 10926 | D:10     | Noticed a centaur warrior
 10943 | D:10     | HP: 9/65 [boulder beetle (13)]
 10944 | D:10     | Killed a boulder beetle
 10945 | D:10     | Reached skill level 6 in Invocations
 10945 | D:10     | Gained mutation: When seriously injured, your blood forms
                  | very thick armour. (AC +12) [demonic ancestry]
 10945 | D:10     | Reached XP level 11. HP: 10/70 MP: 12/15
 11165 | D:10     | Killed a centaur warrior
 11166 | D:10     | Reached skill level 5 in Dodging
 11211 | D:10     | Killed a boulder beetle
 11212 | D:10     | Reached skill level 7 in Invocations
 11357 | D:10     | Noticed a deep elf zephyrmancer
 11357 | D:10     | Noticed an orc knight
 11371 | D:10     | Noticed a centaur warrior
 11372 | D:10     | Killed an orc knight
 11375 | D:10     | Killed a deep elf zephyrmancer
 11376 | D:10     | HP: 14/70 [centaur warrior/arrow (13)]
 11384 | D:10     | Killed a centaur warrior
 11384 | D:10     | Reached ***** piety under Okawaru
 11385 | D:10     | Reached skill level 6 in Dodging
 11418 | D:10     | HP: 11/70 [freezing wraith (18)]
 11691 | D:10     | Killed an ogre mage
 11707 | D:10     | Noticed a fire dragon
 11717 | D:10     | Killed a fire dragon
 11718 | D:10     | Reached skill level 11 in Shapeshifting
 11877 | D:11     | Noticed Fannar
 11898 | D:11     | Killed Fannar
 11898 | D:11     | Received a gift from Okawaru
 11899 | D:11     | Reached skill level 7 in Dodging
 12152 | D:11     | Noticed a centaur warrior
 12174 | D:11     | Reached skill level 2 in Fighting
 12175 | D:11     | HP: 21/108 [elephant (9)]
 12177 | D:11     | HP: 10/108 [centaur warrior (1)]
 12182 | D:11     | Killed a centaur warrior
 12184 | D:11     | HP: 9/111 [elephant (7)]
 12192 | D:11     | HP: 4/111 [basilisk (6)]
 12196 | D:11     | Reached skill level 3 in Fighting
 12423 | D:11     | Found a staircase to the Lair.
 12458 | D:11     | Noticed a boulder beetle
 12475 | D:11     | Killed a boulder beetle
 12627 | D:11     | Reached XP level 12. HP: 54/81 MP: 17/17
 12910 | D:11     | Found Woykagh's Antique Armour Boutique.
 12918 | D:11     | Bought a distressingly furry chain mail for 228 gold pieces
 12918 | D:11     | Identified the +0 chain mail of Nuah Pev {Stlth+} (You
                  | bought it in a shop on level 11 of the Dungeon)
 12954 | D:11     | Noticed a two-headed ogre
 12957 | D:11     | Killed a two-headed ogre
 12958 | D:11     | Reached skill level 4 in Fighting
 12983 | D:11     | Noticed a two-headed ogre
 12989 | D:11     | Killed a two-headed ogre
 13122 | D:12     | Reached skill level 8 in Dodging
 13127 | D:12     | Found Uwusmuorph's Armour Shop.
 13128 | D:12     | Found a staircase to the Orcish Mines.
 13295 | D:12     | Received a gift from Okawaru
 13296 | D:12     | Reached skill level 5 in Fighting
 13614 | D:12     | Noticed Snorg
 13624 | D:12     | Killed Snorg
 13625 | D:12     | Reached skill level 12 in Shapeshifting
 13777 | D:12     | You pick up a book of Party Tricks and begin reading...
 13777 | D:12     | You add the spells Apportation, Jinxbite and Alistair's
                  | Intoxication to your library.
 13852 | D:12     | Noticed a centaur warrior
 13861 | D:12     | Killed a centaur warrior
 13862 | D:12     | Reached skill level 6 in Fighting
 14372 | D:13     | HP: 15/88 [slime creature[an orange crystal statue] (12)]
 14374 | D:13     | Mangled by a very large slime creature

Vanquished Creatures
  Snorg (D:12)
  A fire dragon (D:10)
  Fannar (D:11)
  5 centaur warriors
  An ogre mage (D:10)
  3 boulder beetles
  3 two-headed ogres
  A tengu warrior (D:10)
  A deep elf pyromancer (D:12)
  An orc knight (D:10)
  A deep elf zephyrmancer (D:10)
  An ugly thing (D:10)
  An elephant (D:11)
  A manticore (D:12)
  A kobold demonologist (D:12)
  A gargoyle (D:12)
  A freezing wraith (D:10)
  2 trolls
  Prince Ribbit (D:8)
  9 slime creatures (D:12)
  3 shadows
  3 wraiths
  3 wyverns
  6 yaks (D:10)
  2 basilisks
  A steam dragon (D:9)
  A vampire mosquito (D:10)
  An acid dragon (D:9)
  Duvessa (D:7)
  5 orc warriors
  An ice beast (D:8)
  2 black bears
  A sky beast (D:7)
  An ogre (D:5)
  9 centaurs
  2 kobold brigands
  4 bullfrogs
  2 gnoll sergeants
  2 scorpions
  7 wights
  6 water moccasin zombies (Ossuary)
  Dowan (D:7)
  4 howler monkeys (D:8)
  2 electric eels (D:6)
  A gnoll bouda (D:9)
  5 jellies
  6 orc priests
  A sleepcap (D:5)
  8 orc wizards
  2 iguanas
  2 mummies (Ossuary)
  5 adders
  14 gnolls
  3 shadow imps
  A white imp (D:7)
  An ufetubus (D:6)
  7 adder zombies (Ossuary)
  2 worms
  6 dart slugs
  33 orcs
  4 endoplasms
  3 giant cockroaches
  6 goblins
  3 hobgoblins
  4 jackals (D:1)
  18 kobolds
  3 quokkas
  5 ball pythons
  2 bats
  A frilled lizard (D:3)
  4 gnoll zombies (Ossuary)
  9 hobgoblin zombies (Ossuary)
  3 kobold zombies (Ossuary)
  3 orc zombies (Ossuary)
  6 rats
278 creatures vanquished.

Vanquished Creatures (others)
  Psyche (D:8)
  A white imp (D:6)
  An orc (D:9)
3 creatures vanquished.

Grand Total: 281 creatures vanquished

Table legend:
 A = Non-vault XP
 B = Vault XP
 C = Vault XP percentage of total XP
 D = Non-vault monster count
 E = Vault monster count
 F = Vault count percentage of total count
                 A         B        C        D         E       F
            +---------+---------+-------+---------+---------+-------
      Total |   18525 |   13271 |  41.7 |     211 |      68 |  24.4
            +---------+---------+-------+---------+---------+-------
        D:1 |      35 |       3 |   7.9 |      18 |       2 |  10.0
        D:2 |      36 |       3 |   7.7 |      12 |       2 |  14.3
        D:3 |      61 |       0 |   0.0 |      18 |       0 |   0.0
        D:4 |     180 |       0 |   0.0 |       9 |       0 |   0.0
        D:5 |     446 |       0 |   0.0 |      17 |       0 |   0.0
        D:6 |     362 |       0 |   0.0 |       9 |       0 |   0.0
        D:7 |     691 |     329 |  32.3 |      19 |       4 |  17.4
        D:8 |    1026 |     378 |  26.9 |      18 |       2 |  10.0
        D:9 |    2312 |       0 |   0.0 |      26 |       0 |   0.0
       D:10 |    2126 |    9045 |  81.0 |      19 |      13 |  40.6
       D:11 |    4619 |    1891 |  29.0 |      20 |       5 |  20.0
       D:12 |    6617 |    1070 |  13.9 |      25 |       6 |  19.4
       D:13 |      14 |       0 |   0.0 |       1 |       0 |   0.0
    Ossuary |       0 |     552 | 100.0 |       0 |      34 | 100.0
            +---------+---------+-------+---------+---------+-------

Skill      XL: |  1  2  3  4  5  6  7  8  9 10 11 12 |
---------------+-------------------------------------+-----
Unarmed Combat | 3 4 5 6 8 9 10 | 10.1
Shapeshifting  | 3 4 5 6 7 9 10 11 12 | 12.1
Dodging        | 4 7 8 |  8.9
Invocations    | 6 7 |  7.0
Fighting       | 3 6 |  6.1

Action                     |  1- 3 |  4- 6 |  7- 9 | 10-12 || total
---------------------------+-------+-------+-------+-------++-------
  Melee: Unarmed           |    77 |    84 |   267 |   398 ||   826
         Headbutt          |     8 |    23 |    50 |   109 ||   190
         Punch             |     1 |     2 |    12 |     3 ||    18
 Invoke: Heroism           |       |       |     2 |    12 ||    14
         Finesse           |       |       |       |     5 ||     5
  Evoke: Wand              |       |       |    13 |    14 ||    27
    Use: Scroll            |       |     5 |     9 |    13 ||    27
         Potion            |       |       |     9 |    10 ||    19
   Stab: Sleeping          |     3 |     4 |       |       ||     7
         Betrayed ally     |       |       |     1 |       ||     1
 Armour: Animal skin       |    37 |    51 |   127 |    11 ||   226
         Skin              |       |       |    75 |   113 ||   188
         Steam dragon scal |       |       |       |   131 ||   131
         Troll leather arm |       |       |       |   130 ||   130
  Dodge: Dodged            |    45 |    45 |   148 |   303 ||   541
   Form: Flux              |       |       |     1 |       ||     1

Illustrated notes

Table legend:
 A = Kills in this place as a percentage of kills in the entire game.
 B = Kills by you in this place as a percentage of kills by you in the entire game.
 C = Kills by friends in this place as a percentage of kills by friends in the entire game.
 D = Other kills in this place as a percentage of other kills in the entire game.
 E = Experience gained in this place as a percentage of experience gained in the entire game.
 F = Experience gained in this place divided by the number of levels of this place that you have seen.
                   A       B       C       D       E      F
               +-------+-------+-------+-------+-------+----------------------
         Total | 100.0 | 100.0 |   N/A | 100.0 | 100.0 | 2119.7
       Dungeon |  87.8 |  87.8 |   N/A | 100.0 |  98.3 | 2403.4
       Ossuary |  12.2 |  12.2 |   N/A |   0.0 |   1.7 | 552.0
               +-------+-------+-------+-------+-------+----------------------

Table legend: (Time is in decaauts)
 A = Elapsed time spent in this place.
 B = Non-inter-level travel time spent in this place.
 C = Inter-level travel time spent in this place.
 D = Time resting spent in this place.
 E = Time spent auto-exploring this place.
 F = Levels seen in this place.
 G = Mean time per level.
                   A        B        C        D        E       F      G
               +--------+--------+--------+--------+--------+-----+--------+
         Total |  14199 |  13718 |    481 |    387 |  11339 |  15 |  946.6 |
       Dungeon |  13759 |  13297 |    462 |    387 |  11081 |  13 | 1058.4 |
        Temple |     65 |     46 |     19 |      0 |      0 |   1 |   65.0 |
       Ossuary |    374 |    374 |      0 |      0 |    258 |   1 |  374.0 |
               +--------+--------+--------+--------+--------+-----+--------+

Top non-repeatable levels by time:
    D:10: 2791 daAuts
     D:9: 1510 daAuts
     D:6: 1346 daAuts
    D:12: 1187 daAuts
    D:11: 1164 daAuts
     D:4: 986 daAuts
     D:8: 932 daAuts
     D:2: 927 daAuts
     D:7: 886 daAuts
     D:5: 813 daAuts
     D:1: 634 daAuts
     D:3: 488 daAuts
 Ossuary: 374 daAuts
    D:13: 90 daAuts
  Temple: 65 daAuts
